 Dungeon Crawl Stone Soup version 0.29-a0-813-g4a14ea37d6 (webtiles) character file.

Game seed: 14415885629235422581

167292 Pooter the Executioner (level 17, -10/159 HPs)
             Began as a Minotaur Berserker on July 4, 2022.
             Was a High Priest of Trog.
             Mangled by a nagaraja
             ... wielding a +0 spear
              (34 damage)
             ... on level 4 of the Snake Pit on July 5, 2022.
             The game lasted 03:39:10 (47545 turns).

Pooter the Executioner (Minotaur Berserker)        Turns: 47545, Time: 03:39:11

Health: -10/159    AC: 42    Str: 23    XL:     17   Next: 31%
Magic:  14/14      EV:  8    Int:  5    God:    Trog [*****.]
Gold:   1294       SH:  5    Dex: 18    Spells: 16/16 levels left

rFire   . . .      SeeInvis +   a - +8 executioner's axe (vorpal)
rCold   + + +      Faith    .   (shield currently unavailable)
rNeg    . . .      Spirit   .   z - +8 plate armour
rPois   +          Reflect  +   Z - +1 hat
rElec   .          Harm     +   H - +2 cloak
rCorr   .          Rampage  .   r - +2 pair of gloves {Stlth+}
Will    ++++.                   U - +1 pair of boots of Qocuddeq {Harm Dex+5}
Stlth   ..........              d - amulet of reflection
HPRegen 1.36/turn               J - ring of the Tortoise {AC+8}
MPRegen 0.14/turn               I - ring of Marur {rPois rC+++ Will+ Int-5 SInv}

@: mighty, lethally poisoned (-10 -> -15), strong-willed (expiring),
regenerating (expiring)
A: horns 2, retaliatory headbutt, clever 1, low MP 1
a: Renounce Religion, Berserk, Trog's Hand, Brothers in Arms


You were on level 4 of the Snake Pit.
You worshipped Trog.
Trog was extremely pleased with you.
You visited 4 branches of the dungeon, and saw 27 of its levels.
You also visited: Sewer, Bailey, Gauntlet and Ice Cave.

You collected 4855 gold pieces.
You spent 3561 gold pieces at shops.

Inventory:

Hand Weapons
 a - a +8 vorpal executioner's axe (weapon)
   (Trog gifted it to you on level 12 of the Dungeon)
 b - the +6 arbalest "Wixunar" {venom, *Slow rPois rN+}
   (You took it off a minotaur in a Gauntlet)

   Any ammunition fired from it poisons the flesh of those it strikes.
   rPois:     It protects you from poison.
   rN:        It protects you from negative energy.
   *Slow:     It may slow you when you take damage.
 s - the +10 broad axe "Gram" {venom, +Blink Fly rPois Str+5}
   (You bought it in a shop on level 2 of the Snake Pit)

   It poisons the flesh of those it strikes.
   Str:       It affects your strength (+5).
   rPois:     It protects you from poison.
   Fly:       It grants you flight.
   +Blink:    It lets you blink.
 y - the +10 flail of Karma {vamp, rPois Int+2 SInv}
   (You bought it in a shop on level 8 of the Dungeon)

   It occasionally heals its wielder for a portion of the damage dealt when it
   wounds a living foe.
   Int:       It affects your intelligence (+2).
   rPois:     It protects you from poison.
   SInv:      It lets you see invisible.
 O - a +8 battleaxe of draining
   (You took it off a wight on level 7 of the Dungeon)
Missiles
 q - 7 silver javelins
 A - 38 boomerangs (quivered)
 L - 3 atropa-tipped darts
 M - 9 javelins
 Q - 15 curare-tipped darts
 W - 5 silver boomerangs
Armour
 m - a +2 pair of boots of flying
   (You found it in a bailey)
 r - a +2 pair of gloves of stealth (worn)
   (You found it in an ice cave)
 z - a +8 plate armour (worn)
   (You found it on level 14 of the Dungeon)
 H - a +2 cloak (worn)
   (You found it in a sewer)
 U - the +1 pair of boots of Qocuddeq (worn) {Harm Dex+5}
   (You found it on level 1 of the Snake Pit)

   Dex:       It affects your dexterity (+5).
   Harm:      It increases damage dealt and taken.
 Z - a +1 hat (worn)
   (You found it on level 3 of the Lair of Beasts)
Jewellery
 d - an amulet of reflection (around neck)
   (You found it on level 1 of the Dungeon)
 v - a +4 ring of slaying
   (You bought it in a shop on level 2 of the Snake Pit)
 C - a ring of resist corrosion
   (You found it in a sewer)
 F - a ring of protection from fire
   (You found it on level 5 of the Lair of Beasts)
 I - the ring of Marur (right hand) {rPois rC+++ Will+ Int-5 SInv}
   (You found it on level 6 of the Lair of Beasts)

   [ring of willpower]

   Int:       It affects your intelligence (-5).
   rC:        It renders you almost immune to cold.
   rPois:     It protects you from poison.
   SInv:      It lets you see invisible.
   Will:      It increases your willpower.
 J - the ring of the Tortoise (left hand) {AC+8}
   (You found it in a Gauntlet)

   [ring of protection]

   AC:        It affects your AC (+8).
 N - a ring of positive energy
   (You found it on level 9 of the Dungeon)
 R - a +6 ring of dexterity
   (You found it in a Gauntlet)
Wands
 f - a wand of flame (27)
   (You found it on level 5 of the Dungeon)
 u - a wand of polymorph (25)
   (You found it on level 5 of the Dungeon)
 x - a wand of acid (18)
   (You found it on level 6 of the Dungeon)
 D - a wand of digging (20)
   (You found it on level 7 of the Dungeon)
 E - a wand of roots (23)
   (You found it on level 7 of the Dungeon)
 K - a wand of charming (20)
   (You found it on level 8 of the Dungeon)
 V - a wand of mindburst (11)
   (You found it on level 2 of the Lair of Beasts)
Scrolls
 c - 4 scrolls of blinking
 i - 7 scrolls of identify {@r1}
 k - 2 scrolls of silence
 t - 14 scrolls of teleportation {@r4}
 B - 4 scrolls of poison {!r}
 G - 4 scrolls of magic mapping
 S - 6 scrolls of fog
Potions
 e - 8 potions of haste {@q3}
 g - 3 potions of heal wounds {@q2}
 h - 4 potions of mutation {!q}
 j - 3 potions of invisibility
 n - 3 potions of lignification {!q}
 o - 11 potions of flight
 p - 10 potions of curing {@q1}
 T - 5 potions of might
 X - 2 potions of cancellation
Miscellaneous
 l - a phantom mirror
   (You found it in a sewer)
 P - a piece from Xom's chessboard (15/15)
   (You found it on level 3 of the Lair of Beasts)
 Y - a tin of tremorstones (2/2)
   (You found it on level 3 of the Lair of Beasts)


   Skills:
 + Level 16.4 Fighting
 * Level 22.2(22.5) Axes
 - Level 5.4(15.6) Maces & Flails
 - Level 18.0 Ranged Weapons
 - Level 4.7 Throwing
 + Level 12.8 Armour
 - Level 2.1 Dodging
 - Level 7.5 Evocations


You had 16 spell levels left.
You didn't know any spells.
Your spell library was empty.

Dungeon Overview and Level Annotations

Branches:
Dungeon (15/15)            Temple (0/1) D:6            Lair (6/6) D:8
  Swamp (0/4) Lair:2        Snake (4/4) Lair:4        Slime (0/5) Lair:6
    Orc (2/2) D:11            Elf (0/3) Orc:2        Vaults (0/5) D:14
 Depths (0/4) D:15          Sewer (visited)          Bailey (visited)
  IceCv (visited)         Gauntlet (visited)

Altars:
Cheibriados
Fedhas
Gozag
Makhleb
Okawaru
Ru
Uskayaw
Wu Jian
Zin
Jiyva

Shops:
D:8 (   D:9 (   Orc:2 (*((   Snake:2 *(=

Portals:
Abyss: D:9

Annotations:
Snake:1 3 runed translucent doors, Giahiaza's ghost, adept MeVM


Innate Abilities, Weirdness & Mutations

You have a pair of horns on your head.
You reflexively headbutt those who attack you in melee.
Your mind is acute. (Int +4, Str/Dex -1)
Your magical capacity is low. (-10% MP)


Message History

Trog accepts your kill.
Trog appreciates your killing of a magic user.
You slash the naga warrior!
You feel sick.
The nagaraja hits you but does no damage.
The naga warrior hits you but does no damage.
The naga warrior closely misses you.
The naga hits you from afar with a +0 glaive!!
* * * LOW HITPOINT WARNING * * *
The nagaraja hits you from afar with a +0 spear.
* * * LOW HITPOINT WARNING * * *
The naga warrior blocks your attack.
You headbutt the naga warrior.
You feel sick.
The nagaraja hits you from afar with a +0 spear!
* * * LOW HITPOINT WARNING * * *
The naga hits you but does no damage.
You feel much better.
You feel the effects of Trog's Hand fading.
You feel sick.
The nagaraja hits you but does no damage.
The naga hits you but does no damage.
You carve the naga warrior like a ham!!!
You kill the naga warrior!
Trog accepts your kill.
The nagaraja hits you from afar with a +0 spear!
* * * LOW HITPOINT WARNING * * *
You feel sick.
The nagaraja points at you and mumbles some strange words.
The bolt of poison hits you.
You are more poisoned.
You resist.
* * * LOW HITPOINT WARNING * * *
The naga spits poison at you. The splash of poison hits you. You resist.
* * * LOW HITPOINT WARNING * * *
The nagaraja spits poison at you.
The splash of poison hits you but does no damage.
You see here a +0 flail.
You hit the nagaraja. Your headbutt misses the nagaraja.
You closely miss the naga.
You feel very sick. The naga hits you with a +0 glaive!
* * * LOW HITPOINT WARNING * * *
The naga closely misses you. The nagaraja casts a spell at you.
The bolt of poison hits you but does no damage.
You resist.
You feel much better.
You feel very sick. The nagaraja hits you with a +0 spear!!
You die...

...######......######...)..#####.
[..# ######## #.)....# ## #)##
#..)...# #.# #......# #.#
#......# ## #.#
######......#####. ..#
#####................. ..##
####...N.N.#............. ...#
**#.......@..#....#........ #..#
**,..)...)†................# #..#
*,,.....)..#####..)...######
#..#**,,.....#### #...)..#
#..#*,,,....** #......#
#..#*,,,...,** #......#
####**,,..,,,**** *,,,,,,*
*,,.,,,,,,,*****,,,,,,******
**,,,,,,,,,,,,,,,,,,,,,,,,,*


You could see a nagaraja (fast, strong, curare, catching breath) and a naga
(strong).

Vanquished Creatures
  Vashnia (Snake:2)
  Nikola (Snake:2)
  A frost giant (D:15)
  The ghost of chrisa4242 the Crack Shot, an adept GrHu of Okawaru (D:13)
  Aizul (Snake:3)
  3 reapers (IceCv)
  A stone giant (D:11)
  A minotaur (Gauntlet)
  An ettin (D:11)
  Josephine (D:12)
  Snorg (Lair:5)
  Fannar (D:12)
  5 hydras
  A salamander tyrant (Snake:4)
  3 caustic shrike simulacra (IceCv)
  4 boulder beetles
  4 centaur warriors
  A vault guard (D:14)
  A death knight (D:14)
  5 anacondas
  10 naga warriors
  2 two-headed ogres
  A titan zombie (D:11)
  3 tengu warriors (D:15)
  Urug (Lair:5)
  13 naga sharpshooters
  A thrashing horror (D:9)
  The ghost of nxtlvl the Cleaver, a novice NaGl of Okawaru (D:9)
  3 shock serpents
  Nergalle (Lair:4)
  4 salamander mystics
  2 goliath frogs (Lair:6)
  A sea snake (Snake:4)
  4 naga ritualists
  A phantasmal warrior (D:15)
  2 bog bodies
  3 wizards
  2 obsidian statues (IceCv)
  3 mana vipers
  A spriggan simulacrum (IceCv)
  A lindwurm (Lair:6)
  2 necromancers (D:14)
  A deep elf pyromancer (D:14)
  An ugly thing (D:12)
  A wolf spider (Lair:3)
  9 orc knights
  24 cyclopes
  A stone giant zombie (D:11)
  12 salamanders
  2 oklob plants (Lair:1)
  2 toenail golems (D:9)
  3 elephants (Lair:6)
  7 guardian serpents
  2 ice statues
  30 black mambas
  19 naga magi
  24 cane toads
  An efreet (D:13)
  2 gargoyles
  3 kobold demonologists (D:13)
  3 rime drakes
  11 komodo dragons
  3 golden dragon simulacra (IceCv)
  An entropy weaver simulacrum (IceCv)
  A tengu conjurer (D:15)
  A yaktaur (D:14)
  An ice devil (Lair:3)
  7 freezing wraiths
  7 trolls
  2 tyrant leeches (Lair:6)
  15 meliai
  3 hornets
  8 polar bears
  3 slime creatures (D:13)
  18 blink frogs
  4 dream sheep (Lair:5)
  A snapping turtle (shapeshifter) (D:9)
  7 wraiths
  60 yaks
  3 shadows
  2 vampires (D:12)
  5 wyverns
  8 basilisks
  A minotaur simulacrum (IceCv)
  17 humans (D:14)
  11 vampire mosquitoes
  3 steam dragons
  48 nagas
  11 wargs
  15 water moccasins
  2 acid dragons
  3 hydra simulacra (IceCv)
  A black bear (shapeshifter) (Lair:4)
  53 orc warriors
  A sky beast (D:6)
  2 black bears
  2 ettin simulacra (IceCv)
  2 ice beasts
  6 ogres
  19 wolves
  17 centaurs
  10 kobold brigands
  15 bullfrogs
  2 cyclops zombies (D:11)
  2 gnoll sergeants (D:9)
  3 scorpions
  A deep troll simulacrum (IceCv)
  27 wights
  2 small abominations (D:9)
  A lindwurm simulacrum (IceCv)
  4 howler monkeys
  The ghost of a11behringer the Cudgeller, a weakling GrBe of Trog (D:3)
  An electric eel (Lair:6)
  9 hounds
  13 orc priests
  5 gnoll boudas
  An iron imp (D:8)
  4 iguanas
  22 orc wizards
  2 troll simulacra (Lair:3)
  30 gnolls
  A naga simulacrum (Lair:3)
  8 adders
  A river rat (D:6)
  A shadow imp (D:6)
  2 white imps
  3 dart slugs
  89 orcs
  17 endoplasms
  14 giant cockroaches
  6 goblins
  18 hobgoblins
  14 jackals
  28 kobolds
  9 quokkas
  13 ball pythons
  3 bats
  6 frilled lizards
  4 rats
  A toadstool (D:15)
1025 creatures vanquished.

Vanquished Creatures (others)
  A salamander (Snake:3)
  3 black mambas
  A naga (Lair:4)
  A kobold brigand (D:9)
  A kobold (D:9)
  33 fungi
  116 plants
  2 toadstools (D:15)
  14 withered plants (Gauntlet)
172 creatures vanquished.

Grand Total: 1197 creatures vanquished

Notes
Turn   | Place    | Note
-------+----------+-------------------------------------------
     0 | D:1      | Pooter the Minotaur Berserker began the quest for the Orb.
     0 | D:1      | Reached XP level 1. HP: 19/19 MP: 0/0
   204 | D:1      | You fall into a shaft and drop 1 floor!
   223 | D:2      | Reached skill level 4 in Axes
   379 | D:2      | Reached XP level 2. HP: 27/27 MP: 1/1
  1394 | D:1      | Reached XP level 3. HP: 33/33 MP: 2/2
  1848 | D:2      | Reached skill level 5 in Axes
  1855 | D:2      | Reached ** piety under Trog
  2172 | D:3      | Found a runed translucent gate.
  2172 | D:3      | Found a runed translucent gate.
  2173 | D:3      | Found a runed translucent gate.
  2182 | D:3      | Found an opulent altar of Gozag.
  2415 | D:3      | Found a faded altar of an unknown god.
  2461 | D:3      | Reached XP level 4. HP: 34/41 MP: 3/3
  2807 | D:3      | Identified the +2 leather armour "Biuguof" {Str+4 Int+3}
  3202 | D:3      | Reached skill level 1 in Ranged Weapons
  3315 | D:3      | Noticed a11behringer's ghost (weakling GrBe)
  3513 | D:3      | Killed a11behringer's ghost
  3514 | D:3      | Reached XP level 5. HP: 47/47 MP: 4/4
  3516 | D:3      | Reached skill level 6 in Axes
  3901 | D:4      | Reached skill level 5 in Fighting
  4286 | D:5      | Entered Level 5 of the Dungeon
  4450 | D:5      | Reached XP level 6. HP: 56/56 MP: 5/5
  4579 | D:5      | Reached skill level 1 in Evocations
  4754 | D:5      | Reached skill level 7 in Axes
  5099 | D:5      | Reached XP level 7. HP: 58/62 MP: 6/6
  5508 | D:6      | Found a glowing drain.
  5522 | Sewer    | Entered a sewer
  5649 | Sewer    | Reached *** piety under Trog
  6193 | D:6      | Reached skill level 8 in Axes
  6382 | D:6      | Found a hide-covered altar of Uskayaw.
  6424 | D:6      | Reached XP level 8. HP: 55/71 MP: 7/7
  6601 | D:6      | Found a staircase to the Ecumenical Temple.
  7090 | D:7      | Reached skill level 9 in Axes
  7254 | D:7      | Reached skill level 5 in Ranged Weapons
  7421 | D:7      | Reached skill level 10 in Axes
  7613 | D:7      | Reached XP level 9. HP: 79/79 MP: 8/8
  9087 | D:8      | Reached skill level 11 in Axes
  9207 | D:8      | Found a staircase to the Lair.
  9236 | D:8      | Found Keup's Weapon Boutique.
  9272 | D:8      | Reached skill level 5 in Evocations
  9554 | D:8      | Found a snail-covered altar of Cheibriados.
  9774 | D:8      | Found a glowing silver altar of Zin.
  9991 | D:8      | Reached XP level 10. HP: 77/90 MP: 9/9
 10481 | D:8      | Reached skill level 12 in Axes
 10667 | D:9      | Found a flagged portal.
 10676 | D:9      | Found an iron altar of Okawaru.
 10693 | Bailey   | Entered a bailey
 10775 | Bailey   | Noticed an orc knight
 10786 | Bailey   | Killed an orc knight
 10851 | Bailey   | Reached **** piety under Trog
 11568 | D:9      | Reached skill level 13 in Axes
 11568 | D:9      | Reached skill level 1 in Throwing
 11831 | D:9      | Noticed a toenail golem
 11833 | D:9      | Noticed a thrashing horror
 11840 | D:9      | Noticed a toenail golem
 11844 | D:9      | Noticed nxtlvl's ghost (novice NaGl)
 11845 | D:9      | Found a one-way gate to the infinite horrors of the Abyss.
 11960 | D:9      | Found a transporter.
 11985 | D:9      | Found a transporter.
 12098 | D:9      | Reached ***** piety under Trog
 12137 | D:9      | Reached skill level 10 in Fighting
 12249 | D:9      | Found Zugepsutz's Weapon Shop.
 12296 | D:9      | Reached XP level 11. HP: 94/99 MP: 10/10
 12350 | D:9      | Found a sacrificial altar of Ru.
 12586 | D:10     | Entered Level 10 of the Dungeon
 13121 | D:10     | Found an ornate altar of the Wu Jian Council.
 13235 | D:10     | Received a gift from Trog
 13588 | D:10     | Reached skill level 14 in Axes
 13588 | D:10     | Noticed a salamander mystic
 13600 | D:10     | Killed a salamander mystic
 13876 | D:10     | Found the +3 salamander hide armour {Flames rF++ rC--}
 14036 | D:10     | Upgraded the game from 0.29-a0-802-g34511f41fd to
                  | 0.29-a0-813-g4a14ea37d6
 14113 | Lair:1   | Entered Level 1 of the Lair of Beasts
 14390 | Lair:1   | Found a blossoming altar of Fedhas.
 14393 | Lair:1   | Noticed an oklob plant
 14396 | Lair:1   | Noticed an oklob plant
 14399 | Lair:1   | Killed an oklob plant
 14405 | Lair:1   | Killed an oklob plant
 14606 | D:8      | Bought the +10 flail of Karma {vamp, rPois Int+2 SInv} for
                  | 961 gold pieces
 14694 | Lair:2   | Found a staircase to the Swamp.
 14731 | Lair:2   | Found a gate leading to a gauntlet.
 14748 | Gauntlet | Entered a Gauntlet
 14748 | Gauntlet | Found a transporter.
 15069 | Gauntlet | Found a transporter.
 15077 | Gauntlet | Found a transporter.
 15077 | Gauntlet | Found a transporter.
 15238 | Gauntlet | Reached XP level 12. HP: 77/110 MP: 11/11
 15490 | Gauntlet | Found the ring of the Tortoise {AC+8}
 15494 | Gauntlet | Found a transporter.
 15545 | Gauntlet | Identified the +6 arbalest "Wixunar" {venom, *Slow rPois
                  | rN+}
 15545 | Gauntlet | Identified the +6 quarterstaff of the Endless Expanse
                  | {pain, rC+ Will+ MP+9}
 15545 | Gauntlet | Noticed a minotaur
 15552 | Gauntlet | Killed a minotaur
 15553 | Gauntlet | Reached skill level 15 in Axes
 16621 | Lair:3   | Reached skill level 10 in Ranged Weapons
 16647 | Lair:3   | You are sucked into a shaft and drop 2 floors!
 17186 | Lair:5   | Noticed a five-headed hydra
 17195 | Lair:5   | Killed a five-headed hydra
 17355 | Lair:4   | Found a staircase to the Snake Pit.
 17686 | Lair:3   | Reached skill level 16 in Axes
 17962 | Lair:3   | Reached skill level 5 in Armour
 19021 | Lair:4   | Noticed Sonja
 19032 | Lair:4   | Noticed Sonja
 19032 | Lair:4   | Sonja changed into Sonja the shapeshifter
 19033 | Lair:4   | Noticed Sonja
 19033 | Lair:4   | Sonja the shapeshifter changed into Sonja the black bear
 19037 | Lair:4   | Killed Sonja the black bear
 19263 | Lair:4   | Reached XP level 13. HP: 118/118 MP: 12/12
 19734 | Lair:4   | Noticed Nergalle
 19753 | Lair:4   | Killed Nergalle
 20200 | Lair:5   | Noticed Snorg
 20207 | Lair:5   | Killed Snorg
 20318 | Lair:5   | Noticed Urug
 20327 | Lair:5   | Killed Urug
 20889 | Lair:5   | Reached skill level 17 in Axes
 21225 | Lair:6   | Entered Level 6 of the Lair of Beasts
 21619 | Lair:6   | Gained mutation: You are clumsy. (Dex -2) [potion of
                  | mutation]
 21619 | Lair:6   | Gained mutation: Your natural rate of healing is unusually
                  | fast. [potion of mutation]
 21619 | Lair:6   | Gained mutation: You expend magic power (3 MP) to
                  | strengthen your wands. [potion of mutation]
 21619 | Lair:6   | Gained mutation: You are strong-willed. (Will+) [potion of
                  | mutation]
 21620 | Lair:6   | Lost mutation: Your natural rate of healing is unusually
                  | fast. [potion of mutation]
 21620 | Lair:6   | Lost mutation: You are clumsy. (Dex -2) [potion of
                  | mutation]
 21620 | Lair:6   | Lost mutation: You are strong-willed. (Will+) [potion of
                  | mutation]
 21620 | Lair:6   | Gained mutation: Your magical capacity is low. (-10% MP)
                  | [potion of mutation]
 21620 | Lair:6   | Lost mutation: You expend magic power (3 MP) to strengthen
                  | your wands. [potion of mutation]
 21620 | Lair:6   | Gained mutation: Your mind is acute. (Int +4, Str/Dex -1)
                  | [potion of mutation]
 22218 | Lair:6   | Reached XP level 14. HP: 94/129 MP: 11/11
 22226 | Lair:6   | Reached skill level 18 in Axes
 22313 | Lair:6   | Found a staircase to the Slime Pits.
 22313 | Lair:6   | Found a viscous altar of Jiyva.
 22804 | Lair:6   | Identified the +1 helmet of the Raven {rF+ rCorr Dex+4
                  | SInv}
 22805 | Lair:6   | Identified the ring of Marur {rPois rC+++ Will+ Int-5 SInv}
 22813 | Lair:6   | Identified the +3 lajatang of Mourning {freeze, rElec MP+9}
 23420 | D:11     | Reached skill level 1 in Maces & Flails
 24110 | D:11     | Found a staircase to the Orcish Mines.
 24460 | D:11     | Noticed a stone giant
 24470 | D:11     | Killed a stone giant
 24604 | D:11     | Identified the +6 morningstar of Leaping Infinite Pain
                  | {vorpal, SInv}
 25151 | D:12     | Noticed Josephine
 25163 | D:12     | Killed Josephine
 25246 | D:12     | Noticed Fannar
 25250 | D:12     | Killed Fannar
 25251 | D:12     | Reached skill level 19 in Axes
 25691 | D:12     | Received a gift from Trog
 26262 | D:13     | Reached XP level 15. HP: 116/138 MP: 12/12
 26506 | D:13     | Found a runed translucent gate.
 26506 | D:13     | Found a runed translucent gate.
 26508 | D:13     | Found a runed translucent gate.
 26509 | D:13     | Noticed chrisa4242's ghost (adept GrHu)
 26858 | D:13     | Killed chrisa4242's ghost
 27377 | D:14     | Found a frozen archway.
 27390 | IceCv    | Entered an ice cave
 27619 | IceCv    | Reached skill level 15 in Ranged Weapons
 27894 | IceCv    | Reached skill level 5 in Maces & Flails
 28405 | IceCv    | Reached skill level 10 in Armour
 28800 | D:14     | Received a gift from Trog
 28811 | D:14     | Identified the +1 flail of the Postmodern Priests {freeze,
                  | rCorr Int-3 Dex+3 SInv}
 28900 | D:14     | Found a gate to the Vaults.
 29052 | D:14     | Reached skill level 20 in Axes
 29598 | D:15     | Entered Level 15 of the Dungeon
 30471 | D:15     | Reached skill level 15 in Fighting
 30973 | D:15     | Found a staircase to the Depths.
 30973 | D:15     | Noticed a frost giant
 30978 | D:15     | Killed a frost giant
 31558 | D:9      | Killed nxtlvl's ghost
 32170 | Orc:1    | Entered Level 1 of the Orcish Mines
 32294 | Orc:1    | Reached XP level 16. HP: 149/149 MP: 13/13
 32456 | Orc:2    | Entered Level 2 of the Orcish Mines
 32493 | Orc:2    | Found a staircase to the Elven Halls.
 32547 | Orc:1    | Found a burning altar of Makhleb.
 34080 | Orc:2    | Received a gift from Trog
 39834 | Orc:2    | Found Doczotep's Antique Weapon Emporium.
 39834 | Orc:2    | Found Gemybipse's Antique Weapon Boutique.
 39848 | Orc:2    | Bought a runed broad axe for 161 gold pieces
 40098 | Orc:2    | Found Gumos's General Store.
 40098 | Orc:2    | Found Zoveq's Antique Weapon Boutique.
 40517 | Snake:1  | Entered Level 1 of the Snake Pit
 41376 | Snake:1  | Found a runed translucent gate.
 41377 | Snake:1  | Found a runed translucent gate.
 41377 | Snake:1  | Found a runed translucent gate.
 41378 | Snake:1  | Noticed Giahiaza's ghost (adept MeVM)
 42150 | Snake:1  | Identified the +1 pair of boots of Qocuddeq {Harm Dex+5}
 42294 | Snake:1  | Reached skill level 21 in Axes
 42483 | Snake:1  | You fall into a shaft and drop 1 floor!
 42845 | Snake:2  | Found Pamukk's Antique Weapon Shop.
 42853 | Snake:2  | Bought a faintly glowing broad axe for 306 gold pieces
 42853 | Snake:2  | Identified the +10 broad axe "Gram" {venom, +Blink Fly
                  | rPois Str+5} (You bought it in a shop on level 2 of the
                  | Snake Pit)
 42855 | Snake:2  | Bought a bone war axe for 289 gold pieces
 42855 | Snake:2  | Identified the +8 war axe "Fegosiv" {elec, Will+} (You
                  | bought it in a shop on level 2 of the Snake Pit)
 42970 | Snake:2  | Noticed Nikola
 42991 | Snake:2  | Killed Nikola
 43108 | Snake:2  | Found Nafei's Jewellery Boutique.
 43108 | Snake:2  | Found Neisopel's General Store.
 43123 | Snake:2  | Bought a potion of curing for 51 gold pieces
 43123 | Snake:2  | Bought a potion of heal wounds for 85 gold pieces
 43123 | Snake:2  | Bought a +4 ring of slaying for 1326 gold pieces
 43123 | Snake:2  | Bought 3 scrolls of enchant armour for 382 gold pieces
 43180 | Snake:2  | Noticed Vashnia
 43197 | Snake:2  | Killed Vashnia
 44204 | Snake:3  | Identified the +2 robe of Mumblety Peg {*Slow rF+ Str+6
                  | Int+3}
 44887 | Snake:3  | Noticed Aizul
 44899 | Snake:3  | Killed Aizul
 45236 | Snake:4  | Entered Level 4 of the Snake Pit
 45831 | Snake:4  | Reached XP level 17. HP: 158/158 MP: 14/14
 45888 | Snake:4  | Identified the +3 great mace of the Bruised Souls {flame,
                  | rElec} (Trog gifted it to you on level 4 of the Snake Pit)
 45888 | Snake:4  | Received a gift from Trog
 46944 | Snake:4  | Reached skill level 22 in Axes
 47544 | Snake:4  | HP: 3/159 [naga/+0 glaive (19)]
 47545 | Snake:4  | Mangled by a nagaraja

Illustrated notes

Levels and vault maps discovered:
D:1:      lightli_arrival_flooded_house, layout_loops_corners, serial_glass,
          glass_columns_c, glass_columns_b, glass_columns_a, glass_columns_b,
          glass_columns_b, glass_columns_a, glass_columns_b, glass_columns_c,
          glass_columns_a, glass_columns_a, corner_web_ring,
          minmay_misc_feat_chi
D:2:      layout_basic
D:3:      cheibrodos_old_hovel, layout_basic, ebering_ghost_gozag,
          hellmonk_ecumenical_altar_leap_of_faith,
          wander_ebering_terrifying_dragon_lair
D:4:      layout_loops_ring
D:5:      layout_cave_pods, nicolae_underground_beach
D:6:      layout_gridville, lemuel_coloured_pillars_altar,
          minmay_temple_entry_antechambers, cheibrodos_sewer_entry_sluice,
          lemuel_old_faithful
D:7:      layout_loops_ring, minivault_27
D:8:      layout_basic, chei_slow_surprise, zin_treasury, david_lair_generic,
          serial_shops, kennysheep_mini_moat, chequers_hall_statues_corner_a
D:9:      layout_big_octagon, okawaru_gym_becter,
          nicolae_ru_sacrificial_ziggurat, gammafunk_ghost_abyssal_escape,
          serial_gnoll_camp, gnoll_camp_mini_house, gnoll_camp_mini_doghouse,
          gnoll_camp_mini_shop, gnoll_camp_huts_basic, gnoll_camp_mini_hut,
          gnoll_camp_mini_doghouse, enter_bailey_1
D:10:     layout_stronghold, mainiacjoe_overflow_24_doors,
          hellmonk_guarded_unrand_salamander
D:11:     giant_chief_lemuel, layout_gridville, erik_orc_3, bh_walls_and_bars
D:12:     layout_stronghold, uniq_fannar, uniq_josephine
D:13:     nicolae_whirlpool, layout_small_grid, gammafunk_ghost_nasty_kobolds
D:14:     cheibrodos_orc_bank, layout_cave_pods, grunt_vaults_entry_tiered,
          nicolae_concentric_dashed_squares_mild,
          portal_ice_cave_entry_ice_statue_one
D:15:     grunt_enter_depths_snipers, layout_loops_cross, serial_park_avenue1,
          minmay_gold_behind_fungi
Lair:1:   layout_cave_shapes, hangedman_tree_tricks
Lair:2:   layout_roguey, minmay_swamp_entry_reptiles, gauntlet_entry_generic
Lair:3:   dreamdust_isle_of_ice, layout_layer_cave,
          nicolae_lair_run_with_the_wolves
Lair:4:   layout_regular_city, minmay_snake_entry_guardpost_small,
          amcnicky_mini_pool_medium, serial_bayou_shore_a, lemuel_fruit_fields,
          uniq_sonja, uniq_nergalle
Lair:5:   layout_small_grid, st_stairs_9, uniq_snorg, uniq_urug
Lair:6:   minmay_lair_end_frog_pond, layout_long_grid, slime_entry_1
Snake:1:  layout_layer_cave, ebering_ghost_rock_garden
Snake:2:  layout_grid_maze, serial_shops, nicolae_shop_crystal,
          grunt_ministairs_13, minmay_shoptagon, uniq_nikola, uniq_vashnia
Snake:3:  layout_onion, uniq_aizul
Snake:4:  minmay_snake_end_coiled, layout_basic, serial_bayou_ford_a,
          st_stairs_6
Orc:1:    layout_diamond_mine, bloody_makhleb
Orc:2:    st_orc_town, layout_caves

Skill      XL: |  1  2  3  4  5  6  7  8  9 10 11 12 13 14 15 16 17 |
---------------+----------------------------------------------------+-----
Axes           | 4 5 6 7 8 10 11 13 14 16 17 19 20 21 22 | 22.2
Fighting       | 4 5 6 7 8 10 11 12 13 14 15 16 | 16.4
Ranged Weapons | 1 2 3 5 6 8 9 11 13 14 16 17 18 | 18.0
Evocations     | 1 2 4 5 6 7 |  7.5
Throwing       | 2 4 |  4.7
Armour         | 5 7 9 10 12 | 12.8
Maces & Flails | 4 5 |  5.4
Dodging        | |  2.1

Action                   |  1- 3 |  4- 6 |  7- 9 | 10-12 | 13-15 | 16-18 || total
-------------------------+-------+-------+-------+-------+-------+-------++-------
Melee: Hand axe          |    49 |       |       |       |       |       ||    49
       Headbutt          |     9 |    13 |    35 |    84 |   222 |    54 ||   417
       Short sword       |    23 |    42 |       |       |       |       ||    65
       War axe           |       |    34 |   168 |       |     4 |       ||   206
       Punch             |       |     1 |       |       |     1 |       ||     2
       Battleaxe         |       |       |    48 |   299 |   290 |    19 ||   656
       Flail             |       |       |       |    58 |   160 |       ||   218
       Executioner's axe |       |       |       |       |   341 |   257 ||   598
 Fire: Shortbow          |    35 |    53 |   115 |    79 |       |       ||   282
       Arbalest          |       |       |       |    85 |   207 |   336 ||   628
Throw: Boomerang         |       |       |       |     4 |     5 |    13 ||    22
       Dart              |       |       |       |     2 |    36 |       ||    38
       Javelin           |       |       |       |       |     1 |       ||     1
Invok: Trog's Hand       |       |     5 |     7 |    15 |    22 |    13 ||    62
       Berserk           |       |     4 |     5 |    11 |     6 |     3 ||    29
Evoke: Wand              |       |       |     2 |     1 |    19 |     4 ||    26
       Piece from Xom's  |       |       |       |       |     2 |       ||     2
  Use: Scroll            |     3 |     8 |     7 |    16 |    10 |    12 ||    56
       Potion            |       |       |       |     2 |     4 |     5 ||    11
 Stab: Paralysed         |       |       |       |       |     1 |       ||     1
Armor: Animal skin       |     6 |       |       |       |       |       ||     6
       Ring mail         |    22 |     2 |       |       |       |       ||    24
       Leather armour    |       |     4 |       |       |       |       ||     4
       Plate armour      |       |    25 |   142 |   301 |   632 |   282 ||  1382
Dodge: Dodged            |    29 |    37 |    82 |   136 |   277 |   138 ||   699
Block: Other             |    16 |    25 |    55 |   114 |   202 |    81 ||   493
       Reflection        |       |     1 |     2 |     8 |    11 |    16 ||    38

Table legend: (Time is in decaauts)
 A = Elapsed time spent in this place.
 B = Non-inter-level travel time spent in this place.
 C = Inter-level travel time spent in this place.
 D = Time resting spent in this place.
 E = Time spent auto-exploring this place.
 F = Levels seen in this place.
 G = Mean time per level.
                   A        B        C        D        E       F      G
               +--------+--------+--------+--------+--------+-----+--------+
         Total |  48139 |  46280 |   1859 |  16506 |  22645 |  31 | 1552.9 |
       Dungeon |  20887 |  19549 |   1338 |   3567 |  12734 |  15 | 1392.5 |
          Lair |   9082 |   8722 |    360 |   2467 |   4797 |   6 | 1513.7 |
     Snake Pit |   6397 |   6308 |     89 |   1903 |   3326 |   4 | 1599.2 |
  Orcish Mines |   8222 |   8152 |     70 |   6674 |    986 |   2 | 4111.0 |
         Sewer |    503 |    503 |      0 |      0 |    297 |   1 |  503.0 |
        Bailey |    884 |    884 |      0 |    201 |    410 |   1 |  884.0 |
      Ice Cave |   1281 |   1281 |      0 |    937 |     94 |   1 | 1281.0 |
      Gauntlet |    879 |    879 |      0 |    753 |      0 |   1 |  879.0 |
               +--------+--------+--------+--------+--------+-----+--------+

Top non-repeatable levels by time:
   Orc:2: 7718 daAuts
     D:7: 2050 daAuts
  Lair:3: 2028 daAuts
  Lair:4: 2028 daAuts
  Lair:6: 1925 daAuts
     D:8: 1772 daAuts
 Snake:4: 1760 daAuts
    D:11: 1756 daAuts
  Lair:5: 1725 daAuts
    D:10: 1645 daAuts
 Snake:1: 1641 daAuts
     D:9: 1605 daAuts
    D:14: 1579 daAuts
 Snake:3: 1550 daAuts
     D:3: 1535 daAuts
